[Event "FTX Crypto Cup MCCT 2022"]
[Site "Miami"]
[Date "2022.08.11"]
[Round "5.2"]
[White "Firouzja, Alireza"]
[Black "Niemann, Hans Moke"]
[Result "1-0"]
[ECO "C65"]
[WhiteElo "2793"]
[BlackElo "2688"]
[Annotator "TA"]
[PlyCount "61"]
[EventDate "2022.08.10"]
[EventType "tourn"]
[EventCountry "USA"]
[SourceTitle "playchess.com"]
[Source "ChessBase"]
[SourceQuality "1"]
[TimeControl "900+10"]

1. e4 e5 2. Nf3 Nc6 3. Bb5 Nf6 4. d3 Bc5 5. Bxc6 dxc6 6. Nbd2 {[%emt 0:00:01] C65: Ruy Lopez: Berlin Defence (3...Nf6), unusual lines and 4 0-0 Bc5.} Be6 7. O-O Qd6 {[%emt 0:00:27] [#] 7...Bd6 is setting a new trend.} 8. Kh1 $146 {[%emt 0:00:04] White has an edge.} ({Predecessor:} 8. Nb3 Bb6 9. Bd2 a5 10. Qe1 a4 11. Na5 Ra7 12. Nc4 Bxc4 13. dxc4 O-O 14. Bc3 {½-½ (88) Wei,Y (2727)-Niemann,H (2688) chess24.com INT 2022}) 8... h6 9. a3 a5 {[%emt 0:00:17] Against b4} 10. b3 O-O 11. Bb2 {[%emt 0:00:05] And now d4 would win.} Nd7 $1 12. Qe2 Rfe8 13. Rfd1 a4 14. b4 $36 {[%emt 0:00:19][%mdl 2048] White is more active.} Ba7 15. Nc4 Bxc4 16. dxc4 Qe6 17. Rd2 f6 {[%emt 0:01:04] Threatens to win with ...Nb6.} 18. c5 {[%emt 0:00:09] Prevents Nb6.} b6 19. Rad1 {[%emt 0:00:06] White is more active.} Nf8 (19... Re7 $16) 20. cxb6 $18 Bxb6 21. Nh4 {[%emt 0:02:58][%cal Bf3h4,Bh4f5,Bf5h6][%mdl 32] Against Ng6} c5 {[%emt 0:02:26] [#]} 22. b5 Kh7 23. Nf5 Qf7 {[%emt 0:00:06] [#]} 24. Bc1 $1 h5 (24... c4 $142 25. Rd5 c3) 25. Rd5 g6 26. Nh6 Qg7 (26... Qe6 27. c4 Kh8) 27. g4 Ne6 28. gxh5 ({Weaker is} 28. Rd7 Re7 29. Rxe7 Qxe7 $18) 28... Nd4 29. hxg6+ {[%emt 0:00:47] White mates.} Qxg6 30. Rd7+ Kh8 31. Qe3 {[%emt 0:00:07] Weighted Error Value: White=0.06 (flawless) /Black=0.69} 1-0

[Event "FTX Crypto Cup MCCT 2022"]
[Site "Miami"]
[Date "2022.08.11"]
[Round "5.2"]
[White "Giri, Anish"]
[Black "Aronian, Levon"]
[Result "1-0"]
[ECO "C50"]
[WhiteElo "2760"]
[BlackElo "2775"]
[Annotator "TA"]
[PlyCount "129"]
[EventDate "2022.08.10"]
[EventType "tourn"]
[EventCountry "USA"]
[SourceTitle "playchess.com"]
[Source "ChessBase"]
[SourceQuality "1"]
[TimeControl "900+10"]

1. e4 e5 2. Nf3 Nc6 3. Bc4 Bc5 4. O-O d6 5. c3 Qf6 6. b4 {[%emt 0:01:36] C50: Hungarian Defence and Giuoco Pianissimo.} Bb6 7. a4 a6 8. d3 {[%emt 0:00:32][%cal Bd2d3,Bd3d4][%mdl 32] White is slightly better.} Nge7 9. Be3 O-O 10. Nbd2 Bxe3 11. fxe3 Qh6 12. Qe2 {[%emt 0:00:11] [#]} Kh8 $146 ({Predecessor:} 12... Be6 13. b5 Nb8 14. d4 axb5 15. Bxe6 Qxe6 16. axb5 Rxa1 17. Rxa1 exd4 18. exd4 Nd7 19. Ra7 Rb8 20. Ng5 Qg6 21. Nh3 Nc8 22. Ra1 {½-½ (22) Libiszewski,F (2481)-Rogic,D (2513) Baden 2018}) 13. d4 Ng6 14. b5 Na5 15. Ba2 f5 (15... f6 $11) 16. exf5 Bxf5 {[%emt 0:00:04] And now ...e4 would win.} 17. dxe5 dxe5 18. Bb1 Qh5 19. Be4 Nh4 20. bxa6 Rxa6 21. Bxf5 Nxf5 22. e4 Ne7 ({Black should play} 22... Nh6 $1 $14) 23. Qb5 $16 Nac6 24. Qxb7 Ra7 25. Qb5 {[%emt 0:00:06][%cal Of3e5] Hoping for Nxe5!} Rb8 26. Qc5 Ra5 27. Qc4 h6 28. Nb3 Raa8 29. a5 $1 {[%emt 0:00:04][%cal Ba4a5,Ba5a6][%mdl 32] Against Rb6} Qe8 30. a6 Qg8 31. Nbd2 ({Only move:} 31. Qxg8+ $18 Kxg8 32. Nc5) 31... Rb6 $1 $14 32. Rfd1 {[%emt 0:00:25] White is more active.} Qc8 33. a7 Qb7 34. Qe6 (34. g4 $14 {is more appropriate.}) 34... Rxa7 35. Nxe5 Nxe5 36. Qxe5 Ng6 37. Qc5 Rxa1 38. Rxa1 Rb2 39. Qe3 (39. Ra7 $5 Qc8 40. Qa3 $1 $16 (40. Nc4 $2 Rb1+ 41. Kf2 Qg4 $19)) 39... Qb5 40. Re1 Rc2 41. Nf3 Qb2 42. g3 Rxc3 43. Qf2 Rc2 44. Qe3 Ne5 45. Nxe5 Rg2+ $2 {[%emt 0:00:04][%mdl 8192] White leaves nothing to chance now.} (45... Qxe5 $11 46. Rf1 Rc4) 46. Kf1 $18 Rxh2 {[%emt 0:00:00][%csl Gh2][%cal Rb2g2] [#]} 47. Ng6+ $1 Kh7 {[%emt 0:00:05][%csl Gh2][%cal Rb2g2] [#]} 48. Qf3 {[%emt 0:00:02] Prevents Qg2+.} Qb5+ 49. Kg1 Rb2 50. Nf4 {[%emt 0:00:31] Threatens to win with e5.} ({Don't do} 50. Nh4 Qb6+ 51. Kh1 Rf2 $18) 50... Qc5+ 51. Qe3 Qc2 (51... Qxe3+ $142 52. Rxe3 c6) 52. Re2 Qd1+ 53. Kh2 Rb1 54. Qf3 {[%emt 0:00:02] Prevents Qh1+.} Rb3 55. Qf2 {[%emt 0:00:13] Strongly threatening e5.} Rb1 56. Qg2 {[%emt 0:00:01] aiming for e5.} g5 57. Nd5 Qd4 58. e5 {[%emt 0:00:07] e6 is the strong threat.} Kg7 59. Nxc7 {[%emt 0:00:33] White mates.} Qg4 60. Ne8+ Kf8 61. Nf6 Qe6 62. Qa8+ Kg7 63. Qa7+ Qf7 64. Qxf7+ Kxf7 65. e6+ {[%emt 0:00:05] Weighted Error Value: White=0.10 (very precise) /Black=0.33} 1-0

[Event "FTX Crypto Cup MCCT 2022"]
[Site "Miami"]
[Date "2022.08.11"]
[Round "5.2"]
[White "Praggnanandhaa R"]
[Black "Le, Quang Liem"]
[Result "0-1"]
[ECO "D24"]
[WhiteElo "2648"]
[BlackElo "2722"]
[Annotator "TA"]
[PlyCount "100"]
[EventDate "2022.08.10"]
[EventType "tourn"]
[EventCountry "USA"]
[SourceTitle "playchess.com"]
[Source "ChessBase"]
[SourceQuality "1"]
[TimeControl "900+10"]

1. d4 Nf6 2. c4 e6 3. Nf3 d5 4. Nc3 dxc4 5. e4 Bb4 6. Bxc4 {[%emt 0:00:02] D24: Queen's Gambit Accepted: 3 Nf3 Nf6 4 Nc3.} Nxe4 7. O-O Nxc3 8. bxc3 {[%emt 0:00:01] The position is equal.} (8. Qb3 Nd5 9. Bxd5 Qxd5 $17) 8... Be7 9. Qc2 O-O 10. Re1 Nd7 11. Bd3 h6 12. Qe2 {[%emt 0:00:11] [#]} c5 $146 ({Predecessor:} 12... Bd6 13. Bc2 Re8 14. Ne5 Nf8 15. Bf4 f6 16. Rad1 Qe7 17. Rd3 Bxe5 18. dxe5 f5 {0-1 (32) Huschenbeth,N (2594)-Lysyj,I (2635) Skopje 2019}) 13. Qe4 {[%emt 0:00:32][%csl Gd3][%cal Re4h7] [#]} Nf6 {[%emt 0:00:11] Against Qh7+} 14. Qh4 {[%emt 0:00:03][%cal Oc1h6] Hoping for Bxh6!} Nd5 15. Qg3 ({But not} 15. Qe4 f5 16. Qe5 Bd6 $17) 15... Bd6 16. Ne5 Qf6 17. dxc5 Bxe5 18. Rxe5 Rd8 19. Bd2 Ne7 20. Rae1 Bd7 (20... Nf5 $5 21. Qf3 Rb8 $11) 21. c4 {[%emt 0:01:29] Against Bb5} Nf5 22. Bxf5 exf5 23. f4 {[%emt 0:00:08] [#] Bc3 is the strong threat.} (23. h4 {seems wilder.} Kh7 24. Re7 Bc6 25. Bc3) 23... Kh7 (23... h5 {with more complications.} 24. Bc3 Qh6 25. c6 Bxc6 26. Rxf5 h4) 24. Bc3 {[%emt 0:00:16] Threatens to win with R5e3.} Qg6 25. Qxg6+ Kxg6 26. Re7 Be6 27. Re3 Rd1+ 28. Kf2 Bxc4 29. Rg3+ Kh5 {[%emt 0:00:01] White must now prevent ...Rf1+.} 30. Rxg7 (30. Rh3+ $1 $11 Kg4 31. c6) 30... Rf1+ $1 $15 31. Kg3 {[%emt 0:00:09] And now Re5 would win.} Rd8 32. Re3 Rfd1 ({Better is} 32... Bxa2 $15 33. Rh7 a5) 33. Kf2 $11 R8d3 $36 {[%emt 0:00:27][%mdl 2048] Black has some pressure.} 34. Re5 Rd5 $1 (34... Rxc3 {is a self mate.} 35. Rxf5+ Kh4 36. g3+) 35. g4+ Kh4 {[%emt 0:00:01] Strongly threatening ...Rxe5.} 36. Re3 ({Much worse is} 36. gxf5 Rf1+ 37. Kg2 Rxf4 $17) (36. Rxd5 $11 {keeps the balance.} Rxd5 37. g5 hxg5 38. Rxg5) 36... fxg4 $17 37. Bf6+ (37. Be1 $17) 37... Kh5 $19 {[%emt 0:00:01] ( -> ...R5d2+)} 38. Re5+ Rxe5 39. fxe5 Bxa2 {[%emt 0:00:11][%mdl 4096] Endgame KRB-KRB} 40. Rg8 Rc1 41. Be7 Rc2+ 42. Kg3 Bd5 43. Rd8 Rg2+ 44. Kf4 Be6 45. Rb8 (45. Rh8 {might work better.} Rxh2 46. Rd8) 45... Rxh2 46. Rxb7 Rf2+ 47. Kg3 Rf3+ 48. Kh2 g3+ 49. Kg1 Bh3 50. Rb1 g2 {[%emt 0:00:05] Weighted Error Value: White=0.56/Black=0.03 (flawless)} 0-1

[Event "FTX Crypto Cup MCCT 2022"]
[Site "Miami"]
[Date "2022.08.11"]
[Round "5.3"]
[White "Aronian, Levon"]
[Black "Giri, Anish"]
[Result "0-1"]
[ECO "C65"]
[WhiteElo "2775"]
[BlackElo "2760"]
[Annotator "TA"]
[PlyCount "74"]
[EventDate "2022.08.10"]
[EventType "tourn"]
[EventCountry "USA"]
[SourceTitle "playchess.com"]
[Source "ChessBase"]
[SourceQuality "1"]
[TimeControl "900+10"]

1. e4 e5 2. Nf3 Nc6 3. Bb5 Nf6 4. d3 Bc5 5. Bxc6 dxc6 6. Qe2 {[%emt 0:00:02] C65: Ruy Lopez: Berlin Defence (3...Nf6), unusual lines and 4 0-0 Bc5.} Nd7 7. Nc3 {[%emt 0:00:20] [#]} b6 $146 ({Predecessor:} 7... O-O 8. O-O Re8 9. Bg5 f6 10. Be3 Bd6 11. d4 Qe7 12. Rfe1 Qf7 13. Rad1 a5 14. dxe5 Nxe5 15. Nxe5 Bxe5 {½-½ (21) Piorun,K (2634)-Salgado Lopez,I (2624) Germany 2019}) 8. Be3 {[%emt 0:00:21] The position is equal.} Bxe3 9. fxe3 Qe7 10. O-O Bb7 11. Qf2 g6 12. Qg3 O-O-O 13. a3 Kb8 14. b4 Rdf8 15. d4 f6 16. Rab1 Rhg8 17. a4 exd4 18. exd4 f5 19. Rfe1 (19. e5 $11) 19... f4 $1 $15 20. Qg5 Qg7 21. e5 h6 22. Qg4 g5 (22... h5 $1 $15 23. Qe6 g5) 23. Ne4 Bc8 {[%emt 0:00:59][%cal Od7e5] Threatens to win with ...Nxe5!} 24. Qh5 g4 25. Nfd2 f3 26. g3 $2 {[%emt 0:00:27][%mdl 8192] [#] This costs White the game.} (26. Rf1 $11) 26... Qh7 $1 $19 27. Qh4 Rf5 28. e6 $2 {[%emt 0:01:07] [#]} (28. h3 gxh3 29. Kh2) 28... Nf8 $1 {[%emt 0:00:54] aiming for ...h5. Black is clearly winning.} 29. Nf2 h5 {[%emt 0:01:55] White must now prevent ...Ng6.} 30. e7 Ng6 31. e8=Q Rxe8 (31... Nxh4 $2 {too greedy.} 32. Qxc6 Bd7 33. Qc3 $19) 32. Rxe8 Nxh4 33. gxh4 Qd7 34. Re4 Qd8 35. Nf1 Rf8 36. Ng3 Qxh4 {[%emt 0:00:01] ...Qd8 is the strong threat.} 37. Re5 Qd8 {[%emt 0:00:28] Weighted Error Value: White=0.58/Black=0.11 (very precise)} 0-1

[Event "FTX Crypto Cup MCCT 2022"]
[Site "Miami"]
[Date "2022.08.11"]
[Round "5.3"]
[White "Duda, Jan-Krzysztof"]
[Black "Carlsen, Magnus"]
[Result "0-1"]
[ECO "A42"]
[WhiteElo "2750"]
[BlackElo "2864"]
[Annotator "TA"]
[PlyCount "72"]
[EventDate "2022.08.10"]
[EventType "tourn"]
[EventCountry "USA"]
[SourceTitle "playchess.com"]
[Source "ChessBase"]
[SourceQuality "1"]
[TimeControl "900+10"]

1. d4 Nf6 2. c4 g6 3. Nc3 Bg7 4. e4 d6 5. h3 e5 6. dxe5 dxe5 7. Qxd8+ Kxd8 8. Be3 c6 {[%emt 0:00:25] A42: Modern Defence: Averbakh Variation.} 9. Nf3 Nfd7 10. O-O-O {[%emt 0:00:29] [#]} (10. Rd1 $16) 10... Ke7 $146 {[%emt 0:00:08] White is slightly better.} ({Predecessor:} 10... Ke8 11. h4 h5 12. g3 Nf8 13. Bh3 Bxh3 14. Rxh3 Nbd7 15. Rhh1 Bh6 16. Bxh6 Rxh6 17. Rd2 {½-½ (17) Stocek,J (2592)-Mrva,M (2494) Tatranske Zruby 2005}) 11. c5 h5 (11... b6 $11 {remains equal.}) 12. Bc4 $16 Bh6 13. Bxh6 (13. Rhf1 $16) 13... Rxh6 $11 14. Ng5 f6 15. Nf7 Rh7 16. Nd6 Rh8 17. g4 Nxc5 (17... Na6 $11) 18. gxh5 $1 $14 b5 19. b4 {[%emt 0:01:29] aiming for Bxb5.} ({Much weaker is} 19. hxg6 bxc4 20. Nxc4 Nba6 $17) 19... bxc4 20. Nxc8+ Rxc8 21. bxc5 g5 22. h4 $36 {[%emt 0:00:46][%mdl 2048] White has good play.} g4 23. Rhg1 Na6 24. Rxg4 Nxc5 (24... Rg8 $11 {keeps the balance.} 25. Rxg8 Rxg8) 25. Rg7+ $16 Ke6 26. h6 $1 Rab8 (26... Rh8 $16 {was necessary.}) 27. h7 $1 $18 (27. Rxa7 Nd3+ 28. Kd2 Nxf2 $11) 27... Rh8 ({Weaker is} 27... Nd3+ 28. Kd2 $16) 28. Rdg1 ({Much worse is} 28. Rxa7 $6 Rb7 29. Rxb7 Nxb7 $11) 28... Nd3+ 29. Kd1 (29. Kd2 $1 $18) 29... Nxf2+ (29... Rb2 $142) 30. Kc2 (30. Kd2 $142) 30... Nd3 $16 {[%emt 0:00:12] [#]} 31. Na4 {[%emt 0:00:39] Against Rb2+} ({Better is} 31. Rb1 $1 $16 {[%cal Rb1b8] Black must now prevent Rxb8.} Nb4+ 32. Kd2) 31... Rb4 $11 {[%emt 0:00:17] Chess con chili.} 32. Rxa7 {[%emt 0:00:03] Threatens to win with Rgg7.} Rxh7 33. Rxh7 {[%emt 0:00:00] Hoping for Ra7.} Rxa4 34. h5 Kd6 35. h6 $2 (35. Ra1 $11 {and White is okay.} Ra3 36. Rb7) 35... Rxa2+ $19 36. Kc3 {[%emt 0:02:12] [#]} Kc5 $1 {[%emt 0:00:01] What a bad dream for White.  Weighted Error Value: White=0.38/Black=0.18 (very precise)} 0-1

[Event "FTX Crypto Cup MCCT 2022"]
[Site "Miami"]
[Date "2022.08.11"]
[Round "5.3"]
[White "Le, Quang Liem"]
[Black "Praggnanandhaa R"]
[Result "1-0"]
[ECO "D26"]
[WhiteElo "2722"]
[BlackElo "2648"]
[Annotator "TA"]
[PlyCount "71"]
[EventDate "2022.08.10"]
[EventType "tourn"]
[EventCountry "USA"]
[SourceTitle "playchess.com"]
[Source "ChessBase"]
[SourceQuality "1"]
[TimeControl "900+10"]

1. d4 d5 2. Nf3 Nf6 3. c4 dxc4 4. e3 e6 5. Bxc4 c5 6. O-O Nc6 7. Re1 $5 {[%emt 0:00:36][%mdl 4] Exploring less charted territory. D26: Queen's Gambit Accepted: 4 e3 e6 5 Bxc5 c5 sidelines.} a6 {[%emt 0:00:29] [#]} 8. h3 $146 ({Predecessor:} 8. Nc3 Be7 9. dxc5 Qxd1 10. Rxd1 Bxc5 11. Bd2 Bd7 12. Rac1 O-O 13. Be2 Ba7 14. Ng5 Ne7 15. Nce4 Nxe4 16. Nxe4 Bc6 17. Nd6 Rfd8 18. Nxb7 Bxb7 {½-½ (31) Grischuk,A (2764)-Nakamura,H (2736) Berlin 2022}) 8... b5 9. Bf1 {[%emt 0:00:05] The position is equal.} cxd4 10. exd4 Be7 11. a4 b4 12. Be3 Bb7 13. Nbd2 Na5 14. Rc1 O-O 15. Ne5 Rc8 (15... Nd5 {seems wilder.} 16. Bd3 Nxe3 17. fxe3 Bh4) 16. Ndc4 Nxc4 17. Bxc4 Nd5 18. Qe2 Qd6 19. Bd3 Bf6 20. Rxc8 ({Reject} 20. Qh5 g6 21. Qf3 Bxe5 22. dxe5 Qxe5 $17) 20... Bxc8 21. Bd2 Ne7 22. Qe4 {[%emt 0:01:38][%csl Gd3][%cal Re4h7] [#]} g6 23. Rc1 $40 {[%emt 0:00:58][%mdl 128] White attacks.} (23. Bh6 $14) 23... Nf5 24. Qa8 Bd7 (24... Bxe5 $2 25. dxe5 Qd5 26. Qxd5 (26. Rxc8 Qxa8 27. Rxa8 Rxa8 $15) 26... exd5 27. Bxb4 $18) 25. Qxa6 {[%emt 0:00:09] 0x0.001ebad28931dp-1022s more active pieces.} Qxa6 26. Bxa6 Bxa4 {[%emt 0:00:01] [#]} 27. Ra1 $1 ({Of course not} 27. Bxb4 $6 Ra8 $11) 27... Bxe5 28. dxe5 Bc6 29. Bxb4 {[%emt 0:00:09] This bishop pair is nice.} Rd8 30. Bc3 g5 31. b4 Bd5 (31... Nd4 $16 {might work better.} 32. f3 Nb5) 32. Bf1 {[%emt 0:00:30] White is clearly better.} Rc8 33. Rc1 h6 34. b5 Ne7 35. Bd2 Rb8 36. Bb4 {[%emt 0:00:11] Weighted Error Value: White=0.09 (flawless) /Black=0.15 (very precise)} 1-0

[Event "FTX Crypto Cup MCCT 2022"]
[Site "Miami"]
[Date "2022.08.11"]
[Round "5.4"]
[White "Carlsen, Magnus"]
[Black "Duda, Jan-Krzysztof"]
[Result "1-0"]
[ECO "D02"]
[WhiteElo "2864"]
[BlackElo "2750"]
[Annotator "TA"]
[PlyCount "127"]
[EventDate "2022.08.10"]
[EventType "tourn"]
[EventCountry "USA"]
[SourceTitle "playchess.com"]
[Source "ChessBase"]
[SourceQuality "1"]
[TimeControl "900+10"]

1. d4 Nf6 2. Nf3 d5 3. a3 a6 4. Bf4 Bf5 5. e3 e6 6. c4 {[%emt 0:00:05] D02: 1 d4 d5 2 Nf3 sidelines, including 2...Nf6 3 g3 and 2...Nf6 3 Bf4.} Bd6 {[%emt 0:00:15] [#]} 7. Bg5 $146 ({Predecessor:} 7. Bg3 O-O 8. Nc3 c5 9. cxd5 exd5 10. dxc5 Bxc5 11. Be5 Nbd7 12. Bd4 Be6 13. Bd3 {½-½ (46) Nusrat Jahan,A (1712)-Taspia,T (1328) Dhaka 2021}) 7... Nbd7 8. Nc3 {[%emt 0:01:30] The position is equal.} c6 9. Be2 h6 10. Bh4 O-O 11. O-O Re8 12. b4 Qb8 13. Bg3 Ne4 14. Nxe4 Bxe4 15. Nd2 Bg6 16. Nb3 Bxg3 17. hxg3 Nf6 18. Rc1 Re7 19. a4 e5 20. dxe5 Qxe5 21. Qd4 Qxd4 22. Nxd4 dxc4 23. Rxc4 Be4 24. f3 Bd5 25. Rc3 Rae8 26. Kf2 ({Don't play} 26. e4 Nxe4 $1 27. fxe4 Rxe4 $17) 26... h5 27. Rd1 g6 28. Nc2 Kg7 29. Rd4 Kf8 30. a5 Nd7 31. e4 Be6 32. Ne1 f5 33. Bd3 fxe4 34. Rxe4 Nf6 35. Re2 Nd5 36. Rc4 Bf7 37. Rxe7 Rxe7 38. Be4 Nc7 39. Rc2 Kg7 40. Nd3 Kf6 41. Rd2 Ne6 42. Ke3 Rc7 43. f4 Be8 44. Ne5 g5 (44... Rc8 $14) 45. Rd6 $16 Ke7 46. Nc4 {[%emt 0:00:01] White is much more active.} Rd7 47. Rxd7+ Bxd7 {[%emt 0:00:00][%mdl 4096] Endgame KBN-KBN} 48. Ne5 Be8 {[%emt 0:00:41] [#]} 49. Nd3 $1 Kd6 50. f5 Nc7 51. Nc5 (51. g4 $16) 51... Ke5 $11 52. Nd3+ (52. Nxb7 $11 Nd5+ 53. Kd3) 52... Kd6 $16 53. Bf3 Bf7 54. Nc5 (54. g4 $16 hxg4 55. Bxg4) 54... Ke5 $14 55. Nxb7 Nd5+ 56. Bxd5 (56. Kd2 $1 $14) 56... Bxd5 $4 {[%emt 0:00:00][%mdl 8192] KB-KN} (56... cxd5 $11 57. f6 d4+ 58. Kf2 (58. Kd3 Be8 $11) 58... Kxf6) 57. Nc5 $18 Bc4 58. Ne4 Bf1 59. f6 {[%emt 0:00:06][%cal Bf5f6,Bf6f7][%mdl 32] Threatens to win with f7.} Ke6 60. Kf2 Bc4 61. f7 Ke7 62. Nxg5 Bd5 63. g4 (63. Ke3 $142 Kf8 64. Kd4) 63... hxg4 (63... h4 $142 64. Nf3 Kxf7 65. Nxh4 Kf6) 64. Kg3 {[%emt 0:00:01] Weighted Error Value: White=0.16 (very precise) /Black=0.08 (flawless)} 1-0

[Event "FTX Crypto Cup MCCT 2022"]
[Site "Miami"]
[Date "2022.08.11"]
[Round "5.5"]
[White "Carlsen, Magnus"]
[Black "Duda, Jan-Krzysztof"]
[Result "0-1"]
[ECO "A01"]
[WhiteElo "2864"]
[BlackElo "2750"]
[Annotator "TA"]
[PlyCount "86"]
[EventDate "2022.08.10"]
[EventType "tourn"]
[EventCountry "USA"]
[SourceTitle "playchess.com"]
[Source "ChessBase"]
[SourceQuality "1"]
[TimeControl "300+3"]

1. b3 Nf6 2. Bb2 d5 3. e3 Bf5 4. Bxf6 gxf6 {[%emt 0:00:23] [#]} 5. g3 $146 ({Predecessor:} 5. d4 c5 6. Bd3 Bxd3 7. Qxd3 Nc6 8. c3 e5 9. Ne2 Qd7 10. Ng3 e4 11. Qe2 cxd4 12. exd4 {1-0 (65) Schreiner,P (2433)-Raber,F (2149) Aschach 2014}) 5... e6 6. Bg2 {[%emt 0:00:03] A01: Nimzowitsch-Larsen Opening.} c6 7. Nf3 Nd7 8. O-O {[%emt 0:00:02] The position is equal.} Bg6 9. Nh4 Be7 10. d4 h5 11. Nd2 f5 12. Ndf3 O-O 13. c4 a5 14. Bh3 Kg7 15. a3 Nf6 16. Qc2 Ne4 17. Rfc1 Bh7 18. Qb2 b5 19. cxd5 cxd5 20. Ng2 Rh8 21. Rc6 Bg8 (21... Qe8 $11 22. Rcc1 Bd6) 22. Nf4 $14 h4 23. g4 fxg4 24. Bxg4 Bd6 25. Ne5 $1 {[%emt 0:00:13] Pair of Knights!} Rh6 26. f3 Ng5 27. Kh1 f6 {[%emt 0:00:07] [#]} 28. Rg1 $1 {[%emt 0:00:50][%cal Og4e6] Strongly threatening Bxe6!} fxe5 29. dxe5 Be7 30. Bxe6 $1 {[%emt 0:00:31] Black must now prevent Qc2.} Kf8 $2 (30... Kh8 $16 {keeps fighting.} 31. Bxd5 Rxc6 32. Bxc6 Rc8) 31. Bxg8 $2 Rxc6 $11 {[%emt 0:00:03] Chess con chili.} 32. Bxd5 Rac8 33. Qb1 (33. Bxc6 $14 {keeps the upper hand.} Rxc6 34. b4) 33... Rc2 $19 {[%emt 0:00:05][%cal Od8d5] ...Qxd5! is the strong threat.} 34. Qd1 {[%emt 0:00:07] Hoping for Qd3.} Ke8 $2 (34... R8c3 $19 {Threatens to win with ...Qb6.} 35. Qd4 Rc1) 35. Qd3 $11 Qb6 {[%emt 0:00:02] Against Ne6} 36. Be4 $2 (36. Be6 $11 {and White stays safe.} Qc6 37. Bd5 (37. Qg6+ Kd8 $11)) 36... Rc1 37. Bg6+ Kf8 {[%emt 0:00:01] aiming for ...R8c3.} 38. Qf5+ (38. Rxc1 $142 Rxc1+ 39. Kg2) 38... Kg7 $19 39. Nd5 Rxg1+ (39... Qc5 $142 40. Qd3 Rxg1+ 41. Kxg1 Qc1+ 42. Qf1 Qd2 $1 43. Bd3 Rc1 44. Qxc1 Qxc1+ 45. Kf2 Qd2+ 46. Be2 Qxd5 47. f4 Nh3+ 48. Ke1 Qxb3 49. f5 Qc3+ 50. Kf1 Qxe3 51. Ke1 Bxa3 52. f6+ Kh8 53. f7 Bb4+ 54. Kf1 Qg1#) 40. Kxg1 Rc1+ (40... Qc5 $142 41. Qc2 {[#]} Qxd5 $1) 41. Kf2 Qxg6 42. Nxe7 {[%emt 0:00:00] [#]} Nh3+ $1 43. Ke2 Qg2+ {[%emt 0:00:03] Weighted Error Value: White=1.00/Black=0.68} 0-1

[Event "FTX Crypto Cup MCCT 2022"]
[Site "Miami"]
[Date "2022.08.11"]
[Round "5.6"]
[White "Duda, Jan-Krzysztof"]
[Black "Carlsen, Magnus"]
[Result "1-0"]
[ECO "A45"]
[WhiteElo "2750"]
[BlackElo "2864"]
[Annotator "TA"]
[PlyCount "105"]
[EventDate "2022.08.10"]
[EventType "tourn"]
[EventCountry "USA"]
[SourceTitle "playchess.com"]
[Source "ChessBase"]
[SourceQuality "1"]
[TimeControl "300+3"]

1. d4 Nf6 2. Bg5 e6 3. e4 h6 4. Bxf6 Qxf6 5. c3 e5 6. Nf3 {[%emt 0:00:09] A45: Trompowsky Attack.} d6 7. Nbd2 Nd7 {[%emt 0:00:02] [#]} 8. g3 $146 {[%emt 0:00:07] The position is equal.} ({Predecessor:} 8. a4 g6 9. a5 Bg7 10. a6 O-O 11. axb7 Bxb7 12. Ba6 Rab8 13. Bd3 d5 14. exd5 exd4 {1-0 (28) Bernadskiy,V (2587)-Nozdrachev,L (2354) Chess.com INT 2021}) 8... Nb6 9. Bg2 Be7 10. O-O O-O 11. a4 a5 12. Re1 Re8 13. Nf1 Bf8 14. Ne3 exd4 15. Nxd4 c6 16. f4 g6 17. h4 h5 18. Kh2 Bg7 19. Qc2 Qd8 (19... Qe7 $11) 20. Rad1 Qc7 21. Nf3 (21. f5 {seems wilder.} Bf6 22. Rf1 Be5 23. fxg6 fxg6 24. Nf3) 21... Nd7 22. Nc4 Bf8 23. Bh3 {[%emt 0:01:33] White is much more active.} Nc5 24. Bxc8 (24. Ng5 {with more complications.} Bxh3 25. Kxh3 f6 26. Nf3) 24... Raxc8 25. e5 d5 26. Ncd2 Qd7 {[%emt 0:00:49] Prevents f5.} 27. b4 axb4 28. cxb4 Na6 {[%emt 0:00:24] [#]} 29. Ne4 $1 Be7 {[%emt 0:00:10] Strongly threatening ...Qg4.} 30. Neg5 Nxb4 31. Qb2 (31. Qb1 $1 $11 Qf5 32. Qxf5 gxf5 33. Nd4) 31... Qg4 $1 $17 32. Rf1 (32. f5 $17 Qxf5 33. e6) 32... c5 $1 $19 33. Rd2 Qf5 34. Re2 d4 35. e6 $2 (35. Nd2) 35... f6 36. Nf7 Kg7 {[%emt 0:00:12] Against Nh6} 37. Qd2 d3 38. Ree1 c4 $2 (38... Ra8 $19 39. N3g5 Rxa4) 39. Nd4 $11 Qd5 40. f5 {[%emt 0:00:00] White wants to mate with Qh6+.} Rh8 {[%emt 0:00:02] Inhibits Qh6+.} 41. Qf4 {[%emt 0:00:05] Threatens to win with fxg6.} Nc6 (41... d2 $1 $11 {remains equal.} 42. Qxd2 c3) 42. Nb5 {[%emt 0:00:07] Dancing on a razor blade. Pair of Knights!} ({Worse is} 42. Nxh8 Nxd4 43. Nxg6 Bd6 $19) (42. Nxc6 $16 Qxc6 43. Nxh8 Rxh8 44. Re4) 42... Qxf5 43. Qxf5 (43. Nxh8 $11 Rxh8 44. Qxc4) 43... gxf5 $19 44. Nxh8 Rxh8 45. Rxf5 (45. Rb1 {might work better.} d2 46. Rf4) 45... Rd8 {[%emt 0:00:01] And now ...Kg6 would win.} 46. Rb1 Kg6 (46... d2 $142 47. Rd1 Bb4) 47. Rf4 {[%emt 0:00:02] [#]} Ne5 {[%emt 0:00:02] aiming for ...d2.} 48. Nc3 {[%emt 0:00:01] [#]} d2 ({Black should play} 48... Rd6 $1 $17 49. Rxb7 Rxe6) 49. Rxb7 $11 Rd3 50. Nd1 ({Not} 50. Rf1 $2 Rxc3 51. Rd1 Ng4+ 52. Kg2 Ne3+ 53. Kf3 Nxd1+ $19) 50... c3 {[%emt 0:00:06] ( -> ...c2)} 51. Rc7 Bb4 52. Rxb4 $18 {[%emt 0:00:01] e7 would kill now.} Nf3+ 53. Kh1 {[%emt 0:00:03] Weighted Error Value: White=0.44/Black=0.27 (precise)} 1-0